 Dungeon Crawl Stone Soup version 0.32-a0-540-g866d13106e (webtiles) character file.

Game seed: 5216235340518578360

666 Newt the Spear-Bearer (level 7, -2/50 HPs)
             Began as a Merfolk Gladiator on Feb 28, 2024.
             Was a Follower of Hepliaklqana.
             Shot with an arrow by a centaur (8 damage)
             ... on level 6 of the Dungeon.
             The game lasted 00:04:29 (4483 turns).

Newt the Spear-Bearer (Merfolk Gladiator)           Turns: 4483, Time: 00:04:29

Health: -2/50      AC:  4    Str: 16    XL:     7   Next: 57%
Magic:  7/7        EV: 19    Int:  7    God:    Hepliaklqana [*.....]
Gold:   377        SH:  0    Dex: 16    Spells: 6/6 levels left

rFire   . . .        a - +0 trident
rCold   . . .        (no shield)
rNeg    . . .        b - +0 leather armour
rPois   .            c - +0 helmet
rElec   .            (no cloak)
rCorr   .            (no gloves)
SInv    .            (no boots)
Will    .....        (no amulet)
Stlth   +            y - +5 ring of evasion
HPRegen 0.28/turn    C - ring of flight
MPRegen 0.10/turn

%: no passive effects
@: flying
A: reduced essence, (nimble swimmer 2), mertail
a: Renounce Religion, Recall Ancestor, Ancestor Identity


You were on level 6 of the Dungeon.
You worshipped Hepliaklqana.
Hepliaklqana was aware of your devotion.
You visited 2 branches of the dungeon, and saw 7 of its levels.

You collected 377 gold pieces.

Inventory:

Hand Weapons
 a - a +0 trident (weapon)
Missiles
 d - 2 throwing nets (quivered)
 e - a javelin
Armour
 b - a +0 leather armour (worn)
 c - a +0 helmet (worn)
Jewellery
 w - a ring of fire
 y - a +5 ring of evasion (left hand)
 C - a ring of flight (right hand)
Wands
 r - a wand of digging (2)
 A - a wand of roots (11)
Scrolls
 f - a scroll of torment
 g - a scroll of fear
 h - a scroll of revelation
 j - a scroll of brand weapon {unknown}
 k - a scroll of fog {unknown}
 m - 2 scrolls of immolation {unknown}
 p - a scroll of teleportation {unknown}
 s - a scroll of poison
 B - a scroll of amnesia {unknown}
Potions
 i - a potion of haste {unknown}
 l - a potion of enlightenment
 n - 3 potions of curing
 o - a potion of brilliance {unknown}
 q - a potion of magic {unknown}
 t - a potion of lignification {unknown}
 u - a potion of might {unknown}
 v - a potion of heal wounds {unknown}
 x - 2 potions of mutation {unknown}
 z - a potion of attraction {unknown}


   Skills:
 + Level 5.4 Fighting
 - Level 8.0 Polearms
 - Level 2.0 Throwing
 * Level 6.3 Dodging


You had 6 spell levels left.
You didn't know any spells.
Your spell library contained the following spells:

 Spells                   Type           Power      Damage    Failure   Level
 Sting                    Conj/Alch      0%         1d3       50%         1
 Ensorcelled Hibernation  Hex/Ice        0%         N/A       65%         2
 Mercury Vapours          Alch/Air       0%         N/A       65%         2
 Fugue of the Fallen      Necr           0%         N/A       86%         3
 Anguish                  Hex/Necr       0%         N/A       99%         4
 Olgreb's Toxic Radiance  Alch           0%         N/A       99%         4


Dungeon Overview and Level Annotations

Branches:
Dungeon (6/15)             Temple (1/1) D:5

Altars:
Dithmenos
Elyvilon
Fedhas
Gozag
Hepliaklqana
Kikubaaqudgha
Makhleb
Nemelex Xobeh
Okawaru
Qazlal
Ru
Trog
Xom
Yredelemnul
Zin


Innate Abilities, Weirdness & Mutations

Your life essence is reduced to manifest your ancestor. (-10% HP)
((You are very nimble when in or above water. (Stealth+, EV+, Speed+++)))
Your lower body shifts to a powerful aquatic tail in water.


Message History

The iguana closely misses you.
You puncture the iguana!
The iguana is almost dead.
The iguana misses you.
Fohull Fyicw hits the iguana but does no damage.
You hit the iguana.
You kill the iguana!
No target in view!
No target in view!
No target in view!
You now have 377 gold pieces (gained 7).
You reach down and open the door.
There is an open door here.
A centaur comes into view.
A centaur is nearby!
The centaur shouts!
The centaur wields a +0 orcbow.
The centaur shoots an arrow.
The arrow hits you.
The centaur shoots an arrow.
The arrow hits you!
The centaur shoots an arrow.
The arrow completely misses you.
The centaur shoots an arrow.
The arrow barely misses you.
The arrow hits Fohull Fyicw!
The centaur shoots an arrow.
The arrow hits you!
The centaur shoots an arrow.
The arrow hits you!
* * * LOW HITPOINT WARNING * * *
You are too injured to fight recklessly!
You are too injured to fight recklessly!
You are too injured to fight recklessly!
You are too injured to fight recklessly!
You are too injured to fight recklessly!
You are too injured to fight recklessly!
You are too injured to fight recklessly!
A centaur is nearby!
A centaur is nearby!
Unknown command.
You swap places.
The centaur shoots an arrow.
The arrow closely misses you.
Unknown command.
The centaur shoots an arrow.
The arrow hits you!
You die...
Hepliaklqana delivers you to your ancestors.

#......#########
#...............
#####'#R........
#....+.........
#....#.........
#....#.........
#....#.........
#....#.........
#...@##+##+###.
#........#
#........#
#......R.#
#........#
#......c.+
#........#
#........#
#...##..##


You could see the friendly Fohull Fyicw the ancestor and a centaur (ally
target).

Vanquished Creatures
  A black bear (D:4)
  A scorpion (D:5)
  3 bombardier beetles
  2 hounds
  3 orc priests (D:4)
  An orc wizard (D:4)
  2 iguanas
  4 gnolls (D:4)
  An adder (D:5)
  A white imp (D:4)
  2 ufetubi (D:5)
  3 dart slugs
  A ribbon worm (D:4)
  19 orcs
  3 bats
  5 endoplasms
  5 giant cockroaches
  9 goblins
  9 hobgoblins
  8 jackals
  2 quokkas
  11 ball pythons
  A frilled lizard (D:3)
  6 kobolds
  9 rats
112 creatures vanquished.

Notes
Turn   | Place    | Note
-------+----------+-------------------------------------------
     0 | D:1      | Newt the Merfolk Gladiator began the quest for the Orb.
     0 | D:1      | Reached XP level 1. HP: 16/16 MP: 1/1
   101 | D:1      | Reached XP level 2. HP: 21/23 MP: 2/2
   356 | D:1      | Reached skill level 5 in Polearms
   358 | D:1      | Reached XP level 3. HP: 28/28 MP: 3/3
   750 | D:2      | Identified the +7 mace "Murmur" {flame, Will+ rCorr Int-4
                  | Stlth+}
   757 | D:2      | Found a glowing silver altar of Zin.
  1021 | D:2      | Found a faded altar of an unknown god.
  1333 | D:3      | Found a shimmering altar of Xom.
  1355 | D:3      | Reached XP level 4. HP: 35/35 MP: 4/4
  2125 | D:4      | Reached skill level 6 in Polearms
  2172 | D:4      | Reached XP level 5. HP: 25/41 MP: 5/5
  2424 | D:4      | Reached skill level 7 in Polearms
  2497 | D:4      | Reached XP level 6. HP: 16/48 MP: 6/6
  2852 | D:4      | Reached skill level 8 in Polearms
  2909 | D:4      | Noticed a black bear
  2923 | D:4      | Killed a black bear
  2924 | D:4      | Reached XP level 7. HP: 15/55 MP: 7/7
  3105 | D:4      | Reached skill level 5 in Fighting
  3105 | D:4      | Reached skill level 5 in Dodging
  3422 | D:4      | You fall into a shaft and drop 1 floor!
  3422 | D:5      | Entered Level 5 of the Dungeon
  3422 | D:5      | Found a staircase to the Ecumenical Temple.
  3426 | Temple   | Entered the Ecumenical Temple
  3449 | Temple   | Became a worshipper of Hepliaklqana the Forgotten
  3619 | D:4      | Found a glowing silver altar of Zin.
  4017 | D:5      | Reached * piety under Hepliaklqana
  4408 | D:6      | Found an opulent altar of Gozag.
  4483 | D:6      | Shot with an arrow by a centaur

Illustrated notes

Levels and vault maps discovered:
D:1:      nicolae_arrival_memento_mori, layout_basic, minmay_tromino_v4_c
D:2:      layout_basic, basic_ecumenical_altar, basic_altar
D:3:      layout_basic, lemuel_crystal_altar
D:4:      cheibrodos_pilgrimage, layout_basic, lemuel_round_altar,
          grunt_ministairs_4, nrook_mini_vaults
D:5:      layout_cave_pools, minmay_temple_entry_trees
D:6:      layout_gridville, nicolae_ashenzari_panopticon,
          nicolae_gozag_seed_capital, kennysheep_mini_moat, uniq_sigmund,
          uniq_blork_the_orc, uniq_eustachio
Temple:   nicolae_temple_hex_pool

Skill      XL: |  1  2  3  4  5  6  7 |
---------------+----------------------+-----
Polearms       | 5 6 7 8 |  8.0
Fighting       | 3 4 5 |  5.4
Dodging        | 6 |  6.3
Throwing       | |  2.0

Action                     |  1- 3 |  4- 6 |  7- 9 || total
---------------------------+-------+-------+-------++-------
  Melee: Trident           |   116 |   152 |    91 ||   359
  Throw: Javelin           |       |     1 |       ||     1
         Throwing net      |       |     1 |       ||     1
    Use: Scroll            |     2 |     1 |     2 ||     5
         Potion            |       |       |     2 ||     2
   Stab: Sleeping          |     1 |       |     1 ||     2
         Held in net/web   |       |     1 |       ||     1
 Armour: Leather armour    |    45 |    41 |    34 ||   120
  Dodge: Dodged            |    65 |    86 |    47 ||   198

Table legend: (Time is in decaauts)
 A = Elapsed time spent in this place.
 B = Non-inter-level travel time spent in this place.
 C = Inter-level travel time spent in this place.
 D = Time resting spent in this place.
 E = Time spent auto-exploring this place.
 F = Levels seen in this place.
 G = Mean time per level.
                   A        B        C        D        E       F      G
               +--------+--------+--------+--------+--------+-----+--------+
         Total |   4460 |   4280 |    180 |    962 |   2584 |   7 |  637.1 |
       Dungeon |   4424 |   4278 |    146 |    962 |   2584 |   6 |  737.3 |
        Temple |     36 |      2 |     34 |      0 |      0 |   1 |   36.0 |
               +--------+--------+--------+--------+--------+-----+--------+

Top non-repeatable levels by time:
     D:4: 1671 daAuts
     D:3: 936 daAuts
     D:1: 640 daAuts
     D:5: 577 daAuts
     D:2: 525 daAuts
     D:6: 72 daAuts
  Temple: 36 daAuts
